 Dungeon Crawl Stone Soup version 0.28.0-53-g5a82cb258f (webtiles) character file.

Game seed: 7111418772526309852

17511 issech the Slicer (level 12, -10/96 HPs)
             Began as a Minotaur Monk on June 21, 2022.
             Was a High Priest of Hepliaklqana.
             Mangled by a large slime creature (28 damage)
             ... on level 12 of the Dungeon on June 22, 2022.
             The game lasted 00:49:37 (13680 turns).

issech the Slicer (Minotaur Monk)                  Turns: 13680, Time: 00:49:38

Health: -10/96     AC: 17    Str: 19    XL:     12   Next: 19%
Magic:  11/11      EV: 16    Int:  7    God:    Hepliaklqana [*****.]
Gold:   761        SH:  5    Dex: 21    Spells: 11/11 levels left

rFire   x . .      SeeInvis .   t - +9 spear "Idwoar Afap" {speed, Str+4 Dex+2}
rCold   + . .      Faith    .   (no shield)
rNeg    . . .      Spirit   .   J - +5 ring mail of Wu Jian's Benevolence {Stlth+}
rPois   .          Reflect  +   M - +0 hat
rElec   .          Harm     .   H - +0 cloak
rCorr   .          Rampage  .   (no gloves)
Will    .....                   (no boots)
Stlth   ++++......              Z - amulet of reflection
HPRegen 0.26/turn               j - +4 ring of protection
MPRegen 0.12/turn               x - ring of ice

@: studying Staves
A: reduced essence, horns 2, retaliatory headbutt
a: Renounce Religion, Recall Ancestor, Ancestor Identity, Transference, Idealise


You were on level 12 of the Dungeon.
You worshipped Hepliaklqana.
Hepliaklqana was extremely pleased with you.
You visited 2 branches of the dungeon, and saw 13 of its levels.
You also visited: Bailey.

You collected 813 gold pieces.
You spent 52 gold pieces at shops.

Inventory:

Hand Weapons
 t - the +9 spear "Idwoar Afap" (weapon) {speed, Str+4 Dex+2}
   (You found it on level 11 of the Dungeon)

   Attacks with this weapon are significantly faster.
   Str:       It affects your strength (+4).
   Dex:       It affects your dexterity (+2).
 u - a +2 great mace of protection
 E - a +0 broad axe
 I - a +0 shortbow
Missiles
 c - 4 silver javelins
 d - 282 stones
 g - 5 throwing nets
 p - 28 poisoned darts
 q - 7 javelins (quivered)
 w - 288 arrows
 C - 11 boomerangs
 O - 31 bolts
 W - 5 atropa-tipped darts
Armour
 v - a +0 chain mail of cold resistance
 H - a +0 cloak (worn)
 J - the +5 ring mail of Wu Jian's Benevolence (worn) {Stlth+}
   (You found it on level 5 of the Dungeon)

   Stlth:     It makes you more stealthy.
 M - a +0 hat (worn)
 Q - +0 steam dragon scales
 Y - a +1 scale mail of poison resistance
Jewellery
 j - a +4 ring of protection (left hand)
 x - a ring of ice (right hand)
 T - an amulet of guardian spirit
 Z - an amulet of reflection (around neck)
Wands
 s - a wand of flame (17)
 y - a wand of polymorph (3)
 L - a wand of iceblast (26)
 U - a wand of acid (8)
 X - a wand of paralysis (3)
Scrolls
 a - 2 scrolls of amnesia
 e - 4 scrolls of enchant weapon
 h - 6 scrolls of teleportation
 l - 2 scrolls of enchant armour
 m - a scroll of blinking
 A - 3 scrolls of magic mapping
 D - 4 scrolls of fog
 K - a scroll of silence
 N - 2 scrolls of immolation {unknown}
 V - 2 scrolls of holy word
Potions
 b - 3 potions of cancellation {unknown}
 f - 4 potions of lignification {unknown}
 i - 2 potions of invisibility
 k - 3 potions of curing
 n - 2 potions of magic {unknown}
 o - a potion of resistance
 r - 3 potions of haste {unknown}
 z - 4 potions of attraction {unknown}
 B - 3 potions of berserk rage {unknown}
 F - a potion of might {unknown}
 G - 2 potions of mutation {unknown}
 P - a potion of ambrosia {unknown}
 R - 2 potions of brilliance {unknown}
 S - 4 potions of heal wounds {unknown}


   Skills:
 + Level 10.4 Fighting
 + Level 10.4 Short Blades
 + Level 6.2(8.7) Axes
 + Level 9.5(10.3) Polearms
 + Level 3.7 Throwing
 + Level 9.1 Armour
 + Level 8.4 Dodging
 + Level 6.1 Stealth
 + Level 3.1 Shields


You had 11 spell levels left.
You didn't know any spells.
Your spell library contained the following spells:

 Spells                   Type           Power      Damage    Failure   Level
 Pain                     Necr           0%         1d4       58%         1
 Sandblast                Erth           0%         2d4       58%         1
 Passwall                 Tmut/Erth      0%         N/A       73%         2
 Sublimation of Blood     Necr           0%         N/A       73%         2
 Call Canine Familiar     Summ           0%         N/A       91%         3
 Portal Projectile        Hex/Tloc       0%         N/A       91%         3
 Stone Arrow              Conj/Erth      0%         3d7       91%         3
 Summon Guardian Golem    Hex/Summ       0%         N/A       91%         3
 Tukima's Dance           Hex            0%         N/A       91%         3
 Animate Dead             Necr           0%         N/A       100%        4
 Leda's Liquefaction      Hex/Erth       0%         N/A       100%        4
 Passage of Golubria      Tloc           0%         N/A       100%        4
 Petrify                  Tmut/Erth      0%         N/A       100%        4
 Agony                    Necr           0%         N/A       100%        5
 Borgnjor's Vile Clutch   Necr/Erth      0%         N/A       100%        5
 Excruciating Wounds      Necr           0%         N/A       100%        5
 Irradiate                Conj/Tmut      0%         3d13      100%        5
 Yara's Violent Unravell  Hex/Tmut       0%         3d3       100%        5
 Death Channel            Necr           0%         N/A       100%        6
 Orb of Destruction       Conj           0%         9d5       100%        7
 Spellforged Servitor     Conj/Summ      0%         N/A       100%        7


Dungeon Overview and Level Annotations

Branches:
Dungeon (12/15)            Temple (1/1) D:7            Lair (0/6) D:10
    Orc (0/2) D:9          Bailey (visited)

Altars:
Ashenzari
Cheibriados
Dithmenos
Elyvilon
Fedhas
Gozag
Hepliaklqana
Kikubaaqudgha
Makhleb
Nemelex Xobeh
Okawaru
Qazlal
Ru
Sif Muna
Trog
Uskayaw
Vehumet
Wu Jian
Xom
Yredelemnul
Zin
The Shining One
Beogh

Shops:
D:1 *   D:4 ?   D:7 ?   D:9 [   D:10 :

Portals:
Trove: D:12 (show abyssal rune of Zot)

Annotations:
D:10 2 transporters, Brotato's ghost, novice PaFi


Innate Abilities, Weirdness & Mutations

Your life essence is reduced to manifest your ancestor. (-10% HP)
You have a pair of horns on your head.
You reflexively headbutt those who attack you in melee.


Message History

Reach: t) +9 spear "Idwoar Afap" {speed, Str+4 Dex+2}
Press: ? - help, Dir - move target, f - orc
Aim: an orc, wielding a +0 club and wearing a +0 ring mail (about 21% to evade the +9 spear "Idwoar Afap")
You reach to attack!
You hit the orc but do no damage. You puncture the orc!
You kill the orc!
You puncture the ogre! Your headbutt misses the ogre.
The ogre is moderately wounded.
You barely miss the ogre.
The ogre is moderately wounded.
The orc priest miscasts a cantrip.
The ogre hits you with a +0 giant spiked club.
You puncture the ogre!
The ogre is severely wounded.
You puncture the ogre!
The ogre is almost dead.
You hit the ogre.
You kill the ogre!
You puncture the large slime creature!
The large slime creature is lightly wounded.
You puncture the large slime creature! You headbutt the large slime creature.
The large slime creature is lightly wounded.
You hit the large slime creature.
You headbutt the large slime creature, but do no damage.
The large slime creature is moderately wounded.
The large slime creature hits you!!
* * * LOW HITPOINT WARNING * * *
You puncture the large slime creature!
The large slime creature is moderately wounded.
You puncture the large slime creature! You headbutt the large slime creature.
The large slime creature is heavily wounded.
The large slime creature closely misses you.
You puncture the large slime creature! You headbutt the large slime creature.
The large slime creature is heavily wounded.
You puncture the large slime creature!
The large slime creature is heavily wounded.
You hit the large slime creature.
The large slime creature is severely wounded.
The large slime creature hits you!!
You die...

#...........###
#########'### #..# ##.##
##..# #..## #########
#####'#####
....oooo####.........#####
o..ooOooJ@.###.#####.'....
...$oooT##.#...# #.#####
$....ooJ##.'.### #.#
.....oo.####.# #.#
......$.# #.# #.#
$.$...._# #.. ..#
######### #### ###


You could see a large slime creature, a troll, 2 orc warriors, an ogre, 2 orc
priests and 10 orcs.

Vanquished Creatures
  A two-headed ogre (D:11)
  A cyclops (D:12)
  A gargoyle (D:12)
  2 guardian mummies (D:12)
  A troll (D:12)
  Prince Ribbit (D:6)
  The ghost of osoart the Magician, a novice SpCj of Hepliaklqana (D:5)
  2 slime creatures
  3 spriggans (Bailey)
  A shadow (D:9)
  The ghost of mdk the Conjurer, an amateur DECj (D:6)
  A wraith (D:10)
  8 yaks
  2 wyverns (D:9)
  3 steam dragons
  Edmund (D:4)
  2 acid dragons
  Duvessa (D:7)
  An ice beast (D:5)
  2 orc warriors
  4 ogres
  A sky beast (D:7)
  A black bear (D:5)
  3 necrophages
  2 phantoms
  8 centaurs
  Blork the orc (D:6)
  4 bullfrogs
  A water moccasin zombie (D:5)
  A scorpion (D:5)
  Dowan (D:7)
  A howler monkey (D:8)
  A bullfrog zombie (D:6)
  2 centaur zombies
  3 gnoll shamans
  2 hounds
  3 jellies
  4 orc priests
  Crazy Yiuf (D:4)
  A centaur skeleton (D:4)
  3 iguanas
  5 orc wizards
  3 hound skeletons
  Robin (D:4)
  8 adders
  14 gnolls
  2 shadow imps
  A white imp (D:5)
  An adder skeleton (D:4)
  2 worms (D:2)
  2 dart slugs
  27 orcs
  8 ball pythons
  7 bats
  8 endoplasms
  3 giant cockroaches
  5 hobgoblins
  5 kobolds
  5 quokkas
  2 frilled lizards
  10 goblins
  5 rats
208 creatures vanquished.

Vanquished Creatures (collateral kills)
  5 two-headed ogres
  A cyclops (D:12)
  An oklob plant (D:10)
  An unseen horror (D:10)
  A troll (D:12)
  2 slime creatures (D:10)
  3 spriggans (Bailey)
  4 yaks
  An orc warrior (D:8)
  A sky beast (D:7)
  A black bear (D:7)
  2 ogres
  A wolf (D:10)
  3 centaurs
  2 kobold brigands
  5 wights (D:8)
  A howler monkey (D:8)
  3 centaur zombies
  4 orc priests
  2 hounds
  A centaur skeleton (D:7)
  A gnoll shaman (D:10)
  5 orc wizards
  A killer bee zombie (D:8)
  2 howler monkey zombies
  4 gnolls
  12 orcs
70 creatures vanquished.

Vanquished Creatures (others)
  A battlemage (D:12)
  13 plants (D:10)
14 creatures vanquished.

Grand Total: 292 creatures vanquished

Notes
Turn   | Place    | Note
-------+----------+-------------------------------------------
     0 | D:1      | issech the Minotaur Monk began the quest for the Orb.
     0 | D:1      | Reached XP level 1. HP: 19/19 MP: 0/0
   257 | D:1      | Reached XP level 2. HP: 27/27 MP: 1/1
   673 | D:1      | Found Tiaz's General Store.
   699 | D:1      | Bought a scroll of identify for 26 gold pieces
   699 | D:1      | Bought a scroll of identify for 26 gold pieces
  1053 | D:2      | Reached XP level 3. HP: 7/33 MP: 2/2
  1747 | D:2      | Reached XP level 4. HP: 39/40 MP: 3/3
  2523 | D:3      | Found a faded altar of an unknown god.
  3129 | D:4      | Reached skill level 1 in Throwing
  3129 | D:4      | Reached XP level 5. HP: 42/47 MP: 4/4
  3213 | D:4      | Found Usch's Magic Scroll Shoppe.
  3224 | D:4      | Noticed Robin
  3230 | D:4      | Killed Robin
  3260 | D:4      | Reached skill level 5 in Axes
  3525 | D:4      | Noticed a necrophage
  3530 | D:4      | Killed a necrophage
  3531 | D:4      | Reached XP level 6. HP: 49/53 MP: 5/5
  3634 | D:4      | Reached skill level 1 in Short Blades
  3723 | D:4      | Noticed Edmund
  3746 | D:4      | Killed Edmund
  3747 | D:4      | Reached skill level 5 in Fighting
  3747 | D:4      | Reached skill level 1 in Armour
  3747 | D:4      | Reached XP level 7. HP: 24/61 MP: 6/6
  4104 | D:4      | Found a runed translucent door.
  4105 | D:4      | Noticed Crazy Yiuf
  4273 | D:4      | Killed Crazy Yiuf
  4403 | D:5      | Entered Level 5 of the Dungeon
  4436 | D:5      | Identified the +5 ring mail of Wu Jian's Benevolence
                  | {Stlth+}
  4735 | D:5      | Reached skill level 5 in Dodging
  4963 | D:5      | Reached XP level 8. HP: 50/68 MP: 7/7
  5355 | D:5      | Reached skill level 5 in Short Blades
  5573 | D:5      | Found a runed translucent door.
  5577 | D:5      | Noticed osoart's ghost (novice SpCj)
  5618 | D:5      | Killed osoart's ghost
  5876 | D:6      | Reached skill level 5 in Armour
  5964 | D:6      | Found a runed translucent door.
  5967 | D:6      | Noticed mdk's ghost (amateur DECj)
  6003 | D:6      | Killed mdk's ghost
  6170 | D:6      | Noticed Prince Ribbit
  6203 | D:6      | Killed Prince Ribbit
  6204 | D:6      | Reached XP level 9. HP: 73/78 MP: 8/8
  6762 | D:6      | Noticed Blork the orc
  6769 | D:6      | Killed Blork the orc
  6836 | D:7      | Found a staircase to the Ecumenical Temple.
  6850 | Temple   | Entered the Ecumenical Temple
  6893 | Temple   | Became a worshipper of Hepliaklqana the Forgotten
  6893 | Temple   | Reached * piety under Hepliaklqana
  6893 | Temple   | Reached ** piety under Hepliaklqana
  6894 | Temple   | Remembered your ancestor Shatu-murrim as a battlemage
  7013 | D:7      | Noticed Dowan
  7015 | D:7      | Found a flagged portal.
  7015 | D:7      | Noticed Duvessa
  7026 | D:7      | Killed Duvessa
  7030 | D:7      | Killed Dowan
  7045 | Bailey   | Entered a bailey
  7180 | Bailey   | Noticed a two-headed ogre
  7183 | Bailey   | Killed a two-headed ogre
  7184 | Bailey   | Reached XP level 10. HP: 44/80 MP: 6/9
  7732 | D:7      | Found Bimuppaf's Magic Scroll Boutique.
  9345 | D:8      | Reached skill level 10 in Short Blades
  9578 | D:9      | Reached *** piety under Hepliaklqana
  9627 | D:9      | Found a staircase to the Orcish Mines.
 10258 | D:9      | Found an opulent altar of Gozag.
 10292 | D:9      | Reached skill level 1 in Polearms
 10459 | D:9      | Found Deuc's Antique Armour Shop.
 10468 | D:9      | Reached XP level 11. HP: 87/87 MP: 10/10
 10496 | D:9      | Noticed a two-headed ogre
 10500 | D:9      | Killed a two-headed ogre
 10730 | D:10     | Entered Level 10 of the Dungeon
 10852 | D:10     | Reached skill level 5 in Stealth
 10934 | D:10     | Found a transporter.
 10937 | D:10     | Noticed a two-headed ogre
 10938 | D:10     | Noticed Brotato's ghost (novice PaFi)
 10940 | D:10     | Found a transporter.
 11004 | D:10     | Reached skill level 5 in Polearms
 11265 | D:10     | Reached skill level 1 in Shields
 11465 | D:10     | Noticed an oklob plant
 11470 | D:10     | Found a staircase to the Lair.
 11479 | D:10     | Killed an oklob plant
 11622 | D:10     | Paralysed by a gnoll for 6 turns
 11629 | D:10     | Reached **** piety under Hepliaklqana
 11703 | D:10     | Found Hixkoduary's Book Shop.
 11988 | D:11     | Identified the +9 spear "Idwoar Afap" {speed, Str+4 Dex+2}
 12183 | D:11     | Noticed a two-headed ogre
 12194 | D:11     | Killed a two-headed ogre
 12207 | D:11     | Noticed a two-headed ogre
 12217 | D:11     | Killed a two-headed ogre
 12295 | D:11     | Noticed a two-headed ogre
 12303 | D:11     | Killed a two-headed ogre
 12543 | D:11     | Noticed a two-headed ogre
 12554 | D:11     | Killed a two-headed ogre
 12555 | D:11     | Reached skill level 10 in Fighting
 13006 | D:12     | Found a portal to a secret trove of treasure.
 13255 | D:12     | Reached XP level 12. HP: 95/95 MP: 11/11
 13484 | D:12     | Reached ***** piety under Hepliaklqana
 13680 | D:12     | Mangled by a large slime creature

Illustrated notes

Levels and vault maps discovered:
D:1:      matt_arrival_diagonals, layout_loops_corners, serial_shops, shop
D:2:      layout_basic
D:3:      layout_basic, dilly_ecumenical_altar_fadedgnrine
D:4:      layout_basic, serial_shops, nicolae_shop_hallway_stairs,
          minmay_crystal_room, uniq_crazy_yiuf_cottage, uniq_edmund, uniq_robin
D:5:      layout_gridville, ebering_ghost_sewer_d, grunt_tough_drop
D:6:      layout_basic, ebering_ghost_reflecting_pool, uniq_prince_ribbit1,
          uniq_blork_the_orc
D:7:      cheibrodos_quashed, layout_loops_ring,
          minmay_temple_entry_statues_pillars, enter_bailey_2, serial_shops,
          nicolae_shop_behind_doors, amcnicky_mini_pool_small,
          dk_noncrumbling_3, uniq_duvessa
D:8:      layout_loops_ring, minmay_puff
D:9:      layout_roguey, mainiacjoe_overflow_alcove_1,
          minmay_orc_entry_temple_small, serial_shops,
          nicolae_shop_overgrown_old_shop
D:10:     layout_cave_pools, dpeg_oklobed_lair, gammafunk_ghost_arena,
          serial_gnoll_camp, gnoll_camp_mini_hut, gnoll_camp_mini_house,
          gnoll_camp_mini_house, gnoll_camp_mini_loothouse, gnoll_camp_mini_shop
D:11:     layout_long_grid
D:12:     layout_roguey [special_room_orc], nicolae_trove_entry_path_of_doom
Temple:   nicolae_temple_the_god_donut

Skill      XL: |  1  2  3  4  5  6  7  8  9 10 11 12 |
---------------+-------------------------------------+-----
Axes           | 4 5 6 |  6.2
Fighting       | 4 5 6 8 9 10 | 10.4
Dodging        | 4 5 6 7 8 |  8.4
Stealth        | 2 3 4 5 6 |  6.1
Throwing       | 1 2 3 |  3.7
Short Blades   | 2 4 6 9 10 | 10.4
Armour         | 1 3 5 7 8 9 |  9.1
Polearms       | 2 8 9 |  9.5
Shields        | 2 3 |  3.1

Action                   |  1- 3 |  4- 6 |  7- 9 | 10-12 || total
-------------------------+-------+-------+-------+-------++-------
Melee: Hand axe          |    55 |    45 |       |       ||   100
       Headbutt          |    11 |    19 |    53 |   137 ||   220
       Punch             |       |     3 |     1 |     4 ||     8
       Short sword       |       |    50 |   298 |   150 ||   498
       Trident           |       |       |       |   162 ||   162
       Spear             |       |       |       |   128 ||   128
Throw: Javelin           |    13 |    32 |     6 |     5 ||    56
       Stone             |       |     7 |       |       ||     7
Invok: Ancestor Life: Ba |       |       |     1 |       ||     1
  Use: Scroll            |     2 |       |     4 |     8 ||    14
 Stab: Sleeping          |     2 |     1 |     1 |    16 ||    20
       Distracted        |       |       |     1 |     3 ||     4
Armor: Robe              |    16 |    20 |       |       ||    36
       Chain mail        |       |    21 |     7 |       ||    28
       Ring mail         |       |       |   117 |   108 ||   225
Dodge: Dodged            |    45 |    52 |   135 |   196 ||   428
Block: Other             |       |       |       |    41 ||    41
       Reflection        |       |       |       |     2 ||     2
